AoeStats
← kingArthur III

Migration

507841823Analyzed
1v1 RM · 13d ago on Sep 19, 2026· 59m 40s· 2 players
Game mode
Random Map
Map size
132×132
Population
200
Speed
Normal
Resources
Standard
Victory
Conquest
Starting age
Dark Age
Ending age
Imperial Age
RankedLock teamsTeams togetherTeam positionsShared explorationLock speedFull tech treeHidden civsTurbo modeCheats
Victory
Defeat
🇳🇿 Persians · New Zealand
710
+15
🇺🇸 Spanish · United States
692
-15
Anteres1101
11:36 Feudal Age
12:02 Double-Bit Axe
14:49 Loom
20:54 Castle Age
21:40 Fishing Lines
22:12 Medium Warships
23:19 Gillnets
23:16 Horse Collar
24:59 Bow Saw
30:14 Imperial Age
29:27 Ballistics
31:56 Heavy Warships
34:24 Chemistry
34:20 Scale Mail Armor
36:02 Scale Barding Armor
36:16 Elite Cannon Galleon
37:47 Chain Barding Armor
40:51 Two-Man Saw
45:08 Fletching
48:00 Bodkin Arrow
54:27 Bombard Tower
60:17 Block Printing
kingArthur III
8:58 Loom
11:58 Feudal Age
12:27 Double-Bit Axe
12:25 Fishing Lines
13:11 Horse Collar
18:51 Castle Age
19:44 Bow Saw
19:37 Heavy Plow
20:19 Bloodlines
20:31 Gillnets
20:03 Demolition Ship
21:02 Husbandry
20:43 Pikeman
22:14 Scale Barding Armor
22:10 Scale Mail Armor
22:05 Guard Tower
22:28 Masonry
27:26 Wheelbarrow
31:36 Imperial Age
33:05 Chemistry
31:40 Crossbowman
32:26 Thumb Ring
34:20 Two-Man Saw
33:28 Heavy Demolition Ship
35:09 Gold Mining
35:11 Stone Mining
38:07 Hand Cart
37:38 Town Watch
38:16 Halberdier
38:57 Squires
38:42 Gambesons
38:18 Man-at-Arms
38:44 Arson
39:13 Elite Skirmisher
40:19 Parthian Tactics
48:28 Ballistics
48:23 Forging
48:04 Fletching
51:22 Long Swordsman
54:00 Gold Shaft Mining
54:21 Conscription
54:38 Hoardings
54:03 Light Cavalry
54:42 Cavalier
54:58 Sappers
56:34 Iron Casting
56:24 Chain Barding Armor
56:49 Elite Cannon Galleon
Connection lost

Rejoining the realm…

Still unreachable

The connection could not be restored.

Session expired

The server has moved on; the page needs a fresh start.